 Dungeon Crawl Stone Soup version 0.28.0 (webtiles) character file.

Game seed: 10800891872551722474

8360 SnakkuSnakku7 the Basher (level 11, -1/78 (86) HPs)
             Began as a Palentonga Hedge Wizard on Feb 9, 2022.
             Slain by an orc warrior (11 damage)
             ... on level 10 of the Dungeon.
             The game lasted 00:15:28 (13065 turns).

SnakkuSnakku7 the Basher (Palentonga Hedge Wizard) Turns: 13065, Time: 00:15:28

HP:   -1/78 (86)    AC: 18    Str: 18    XL:     11   Next: 8%
MP:   15/15         EV:  8    Int: 13    God:
Gold: 281           SH:  5    Dex: 10    Spells: 16/16 levels left

rFire   . . .      SeeInvis +   a - +5 morningstar (elec)
rCold   . . .      Faith    .   (no shield)
rNeg    + . .      Spirit   .   C - +1 ring mail {rPois}
rPois   +          Reflect  +   B - +1 helmet
rElec   .          Harm     .   L - +2 ratskin cloak {*Rats rPois rN+ Str-1 Int-1 Dex+1}
rCorr   .          Rampage  .   (no gloves)
Will    +....                   (no barding)
Stlth   +.........              q - amulet of reflection
HPRegen 0.23/turn               H - ring of flight
MPRegen 0.14/turn               b - ring of willpower

@: about to teleport, flying, drained, curled up
A: large, rugged brown scales 3, see invisible, deformed body, roll 1, armoured
tail, reflexive curl
a: Rolling Charge


You were on level 10 of the Dungeon.
You visited 1 branch of the dungeon, and saw 10 of its levels.
You also visited: Ossuary.

You collected 425 gold pieces.
You spent 144 gold pieces at shops.

Inventory:

Hand Weapons
 a - a +5 morningstar of electrocution (weapon)
Armour
 c - a +0 hat
 i - a +0 ring mail
 r - a +0 plate armour
 z - a +0 robe
 B - a +1 helmet (worn)
 C - a +1 ring mail of poison resistance (worn)
 L - the +2 ratskin cloak (worn) {*Rats rPois rN+ Str-1 Int-1 Dex+1}
   (You found it on level 8 of the Dungeon)

   When the wearer is hurt, rats may emerge from it to assist them.
   Str:       It affects your strength (-1).
   Int:       It affects your intelligence (-1).
   Dex:       It affects your dexterity (+1).
   rPois:     It protects you from poison.
   rN:        It protects you from negative energy.
Jewellery
 b - a ring of willpower (right hand)
 f - a ring of magical power
 n - a ring of fire
 q - an amulet of reflection (around neck)
 H - a ring of flight (left hand)
Wands
 k - a wand of digging (8)
 v - a wand of acid (18)
 J - a wand of polymorph (3)
 K - a wand of iceblast (11)
Scrolls
 d - 4 scrolls of teleportation
 e - a scroll of identify
 g - 2 scrolls of amnesia
 j - a scroll of summoning
 s - 4 scrolls of enchant weapon
 t - 2 scrolls of fog
 w - 2 scrolls of magic mapping
 F - 2 scrolls of vulnerability
 I - a scroll of immolation
Potions
 m - 2 potions of curing
 p - 4 potions of heal wounds {unknown}
 u - 3 potions of brilliance
 x - 3 potions of flight
 A - a potion of attraction
 D - 2 potions of haste
 E - a potion of magic {unknown}
 G - 2 potions of resistance
Miscellaneous
 o - a phial of floods


   Skills:
 - Level 5.9 Fighting
 + Level 14.9 Maces & Flails
 - Level 1.7 Polearms
 - Level 1.5 Dodging
 - Level 1.2 Stealth
 - Level 3.0 Spellcasting
 - Level 0.8 Conjurations
 - Level 0.7 Summonings
 - Level 1.0 Translocations
 - Level 4.3 Evocations


You had 16 spell levels left.
You didn't know any spells.
Your spell library contained the following spells:

 Spells                   Type           Power      Damage    Failure   Level
 Apportation              Tloc           8%         N/A       26%         1
 Magic Dart               Conj           16%        1d3       28%         1
 Summon Small Mammal      Summ           12%        N/A       30%         1
 Animate Skeleton         Necr           2%         N/A       38%         1
 Slow                     Hex            4%         N/A       38%         1
 Blink                    Tloc           8%         N/A       38%         2
 Call Imp                 Summ           3%         N/A       43%         2
 Corpse Rot               Necr/Air       2%         N/A       52%         2
 Poisonous Vapours        Pois/Air       2%         N/A       52%         2
 Portal Projectile        Hex/Tloc       6%         N/A       69%         3
 Conjure Flame            Conj/Fire      3%         6-21      71%         3
 Dazzling Flash           Conj/Hex       6%         N/A       71%         3
 Mephitic Cloud           Conj/Pois/Air  2%         N/A       73%         3
 Tukima's Dance           Hex            1%         N/A       77%         3
 Iskenderun's Mystic Bla  Conj/Tloc      4%         2d3       95%         4
 Passage of Golubria      Tloc           4%         N/A       95%         4
 Anguish                  Hex/Necr       0%         N/A       99%         4
 Animate Dead             Necr           0%         N/A       99%         4
 Blade Hands              Tmut           0%         N/A       100%        5
 Borgnjor's Vile Clutch   Necr/Erth      0%         N/A       100%        5
 Excruciating Wounds      Necr           0%         N/A       100%        5
 Yara's Violent Unravell  Hex/Tmut       0%         3d3       100%        5
 Death Channel            Necr           0%         N/A       100%        6
 Starburst                Conj/Fire      1%         6d3       100%        6
 Enfeeble                 Hex            0%         N/A       100%        7


Dungeon Overview and Level Annotations

Branches:
Dungeon (10/15)            Temple (0/1) D:4            Lair (0/6) D:8
Ossuary (visited)
    Orc: D:9-12

Altars:
Gozag
Hepliaklqana

Shops:
D:1 ([

Annotations:
D:5 3 runed translucent doors, BigPumpCobain's ghost, novice DrTm
D:8 1 exclusion


Innate Abilities, Weirdness & Mutations

You are completely covered in rugged brown scales. (AC +3, +7% HP)
You have supernaturally acute eyesight. (SInv)
Armour fits poorly on your strangely shaped body.
You can roll at nearby foes to attack.
You have a long armoured tail.
You curl defensively after being hit. (AC +7*)


Message History

The orc wizard casts a spell at you. The magic dart hits you!
You hit the orc warrior.
Your tail-slap misses the orc warrior.
The orc warrior is moderately wounded.
The orc warrior hits you with a +0 glaive!
Unknown command.
You barely miss the orc warrior.
The orc warrior is moderately wounded.
Unknown command.
You hit the orc warrior.
You tail-slap the orc warrior, but do no damage.
The orc warrior is heavily wounded.
The orc wizard hits you but does no damage.
The orc warrior closely misses you.
You hit the orc warrior but do no damage.
The orc warrior is heavily wounded.
The orc warrior hits you with a +0 glaive!
Unknown command.
You are too injured to fight recklessly!
You are too injured to fight recklessly!
You closely miss the orc warrior.
The orc warrior is heavily wounded.
The orc warrior hits you with a +0 glaive!
You hit the orc warrior but do no damage.
The orc warrior is heavily wounded.
Okay, then.
As you read the scroll of teleportation, it crumbles to dust.
You feel strangely unstable.
The manticore bites you but does no damage.
The manticore claws you but does no damage.
The manticore claws you. You block the orc warrior's attack.
You hit the orc warrior but do no damage.
The orc warrior is heavily wounded.
The manticore bites you!
* * * LOW HITPOINT WARNING * * *
The manticore claws you.
* * * LOW HITPOINT WARNING * * *
The manticore barely misses you.
The orc warrior hits you with a +0 glaive!
You die...

#...########
#..........#
#..........#
#..........# .
#...###..### ).
#...###..######### o..
#....#...........# ....
#....#...........# .....
#....#..........@#......
#....#..........oH..o...
#....#...........#......
#....#...#########......
#...###### ..... #.).##
..... #..).# #### #....#
#....#


You could see a manticore, an orc warrior and an orc.

Vanquished Creatures
  A boulder beetle (D:9)
  A centaur warrior (D:9)
  Pikel (D:7)
  An ugly thing (D:9)
  A manticore (D:9)
  A cyclops (D:9)
  Maggie (D:7)
  An efreet (D:10)
  2 hornets (D:9)
  A troll (D:9)
  A wraith (D:10)
  A wyvern (D:8)
  A vampire mosquito (D:8)
  Menkaure (D:6)
  3 steam dragons
  A water moccasin (D:7)
  A sky beast (D:7)
  3 orc warriors
  2 ogres
  A centaur (D:9)
  2 phantoms
  2 kobold brigands
  4 bullfrogs
  A wyvern zombie (D:6)
  A scorpion (D:5)
  A water moccasin zombie (D:5)
  A wyvern skeleton (D:5)
  7 killer bees
  12 wights
  A howler monkey (D:4)
  A centaur zombie (D:9)
  2 gnoll shamans
  A bullfrog zombie (D:6)
  2 orc priests (D:7)
  2 hounds (D:6)
  3 jellies
  A bullfrog skeleton (D:5)
  Ijyb (D:5)
  2 iguanas
  3 orc wizards
  2 killer bee zombies
  A mummy (Ossuary)
  2 howler monkey zombies (D:8)
  11 gnolls
  A howler monkey skeleton (D:6)
  4 adders
  4 shadow imps
  2 white imps
  An ufetubus (D:6)
  An adder skeleton (D:5)
  A worm (D:2)
  3 dart slugs (D:5)
  10 orcs
  A spectral bat (Ossuary)
  3 bats
  9 endoplasms
  A giant cockroach (D:1)
  12 gnoll zombies (Ossuary)
  6 hobgoblins
  4 jackals
  4 quokkas
  14 ball pythons
  A bat simulacrum (Ossuary)
  4 frilled lizards
  5 goblins
  4 goblin simulacra (Ossuary)
  4 goblin zombies (Ossuary)
  4 hobgoblin zombies (Ossuary)
  17 kobolds
  2 kobold simulacra (Ossuary)
  5 kobold zombies (Ossuary)
  5 orc zombies (Ossuary)
  7 rats
  5 rat simulacra (Ossuary)
  2 spectral goblins (Ossuary)
  2 spectral kobolds (Ossuary)
  2 spectral rats (Ossuary)
242 creatures vanquished.

Vanquished Creatures (collateral kills)
  An ugly thing (D:8)
1 creature vanquished.

Vanquished Creatures (others)
  12 plants (D:9)
12 creatures vanquished.

Grand Total: 255 creatures vanquished

Notes
Turn   | Place    | Note
-------+----------+-------------------------------------------
     0 | D:1      | SnakkuSnakku7 the Palentonga Hedge Wizard began the quest
                  | for the Orb.
     0 | D:1      | Reached XP level 1. HP: 13/13 MP: 4/4
    51 | D:1      | Reached skill level 1 in Fighting
   393 | D:1      | Reached XP level 2. HP: 21/23 MP: 6/6
   395 | D:1      | Found Plog's Antique Weapon Shoppe.
   428 | D:1      | Found a faded altar of an unknown god.
   598 | D:1      | Found Jueneh's Armour Boutique.
   824 | D:1      | Reached XP level 3. HP: 28/29 MP: 7/7
  1246 | D:2      | You fall into a shaft and drop 1 floor!
  2314 | D:3      | Reached XP level 4. HP: 20/39 MP: 8/8
  2580 | D:3      | Found a hazy altar of Hepliaklqana.
  2911 | D:4      | Noticed a phantom
  2915 | D:4      | Killed a phantom
  2916 | D:4      | Reached XP level 5. HP: 46/46 MP: 9/9
  2971 | D:4      | Reached skill level 5 in Fighting
  3240 | D:4      | Found a staircase to the Ecumenical Temple.
  3799 | D:5      | Entered Level 5 of the Dungeon
  3909 | D:5      | Reached XP level 6. HP: 38/55 MP: 10/10
  3914 | D:5      | Reached skill level 1 in Evocations
  4737 | D:5      | Noticed Ijyb
  4745 | D:5      | Killed Ijyb
  4746 | D:5      | Gained mutation: You curl defensively after being hit. (AC
                  | +7*) [Palentonga growth]
  4746 | D:5      | Reached XP level 7. HP: 59/60 MP: 11/11
  4866 | D:5      | Found a runed translucent gate.
  4867 | D:5      | Found a runed translucent gate.
  4867 | D:5      | Found a runed translucent gate.
  4868 | D:5      | Found an opulent altar of Gozag.
  4870 | D:5      | Noticed a steam dragon
  4871 | D:5      | Noticed BigPumpCobain's ghost (novice DrTm)
  5247 | D:1      | Bought a faintly glowing spear for 144 gold pieces
  5247 | D:1      | Identified the +7 spear "Tureicwe" {venom, Int+2} (You
                  | bought it in a shop on level 1 of the Dungeon)
  5425 | D:5      | Reached skill level 1 in Polearms
  5622 | D:5      | Reached skill level 1 in Maces & Flails
  5726 | D:6      | Reached skill level 2 in Maces & Flails
  5735 | D:6      | Reached skill level 3 in Maces & Flails
  5801 | D:6      | Reached skill level 4 in Maces & Flails
  5801 | D:6      | Reached XP level 8. HP: 18/66 MP: 12/12
  6531 | D:6      | Reached skill level 5 in Maces & Flails
  6623 | D:6      | Reached skill level 6 in Maces & Flails
  7074 | D:6      | Noticed Menkaure
  7082 | D:6      | Killed Menkaure
  7083 | D:6      | Reached skill level 7 in Maces & Flails
  7729 | D:7      | Reached skill level 8 in Maces & Flails
  7786 | D:7      | Reached XP level 9. HP: 44/73 MP: 13/13
  8170 | D:7      | Noticed Pikel
  8188 | D:7      | Killed Pikel
  8189 | D:7      | Reached skill level 9 in Maces & Flails
  8628 | D:7      | Noticed Maggie
  8638 | D:7      | Killed Maggie
  8639 | D:7      | Reached skill level 10 in Maces & Flails
  9290 | D:7      | Reached skill level 11 in Maces & Flails
  9733 | D:8      | Found a sand-covered staircase.
  9744 | Ossuary  | Entered an ossuary
 10523 | D:8      | Found the +2 ratskin cloak {*Rats rPois rN+ Str-1 Int-1
                  | Dex+1}
 10647 | D:8      | Reached XP level 10. HP: 52/81 MP: 14/14
 10856 | D:9      | Noticed a boulder beetle
 10880 | D:9      | Paralysed by a hornet for 2 turns
 10885 | D:9      | Reached skill level 12 in Maces & Flails
 10891 | D:9      | Noticed a cyan ugly thing
 11210 | D:9      | Noticed a manticore
 11219 | D:9      | Killed a manticore
 11296 | D:9      | Noticed a cyclops
 11309 | D:8      | HP: 5/121 [purple ugly thing (9)]
 11310 | D:8      | Killed a purple ugly thing
 11311 | D:8      | Reached skill level 13 in Maces & Flails
 11884 | D:9      | Noticed a red ugly thing
 11890 | D:9      | Killed a red ugly thing
 11905 | D:9      | Killed a boulder beetle
 11906 | D:9      | Reached skill level 14 in Maces & Flails
 11912 | D:9      | Killed a cyclops
 11919 | D:9      | Noticed a centaur warrior
 11930 | D:9      | Killed a centaur warrior
 11931 | D:9      | Reached XP level 11. HP: 38/86 MP: 15/15
 12657 | D:10     | Entered Level 10 of the Dungeon
 13065 | D:10     | Slain by an orc warrior

Illustrated notes

Levels and vault maps discovered:
D:1:      amcnicky_arrival_feature_with_door, layout_loops_ring, serial_shops,
          shop, nicolae_shop_stone, ebering_ecumenical_altar_mist,
          hangedman_feature_mirror, glass_columns_b, minmay_tetromino_s2
D:2:      layout_basic
D:3:      layout_basic, nzn_hepliaklqana_mist_gate
D:4:      layout_rooms, minmay_temple_entry_glassed_door
D:5:      layout_basic, ebering_ghost_gozag, uniq_ijyb
D:6:      layout_loops_cross, grunt_ministairs_12, minmay_increasing_density,
          uniq_menkaure
D:7:      layout_basic, uniq_maggie, uniq_pikel
D:8:      layout_loops_ring, erik_lair_dragon, nicolae_ossuary_entry_ruins,
          chequers_serial_rivers_large_a, chequers_mini_garden
D:9:      hellmonk_ruined_rings, layout_cave_pools, st_stairs_10,
          minmay_shattered_shrine
D:10:     layout_gridville, enter_trove_5

Skill      XL: |  1  2  3  4  5  6  7  8  9 10 |
---------------+-------------------------------+-----
Fighting       | 1 2 3 4 5 |  5.9
Evocations     | 3 4 |  4.3
Polearms       | 1 |  1.7
Maces & Flails | 4 8 11 14 | 14.9
Dodging        | |  1.5
Stealth        | |  1.2
Spellcasting   | |  3.0
Conjurations   | |  0.8
Summonings     | |  0.7
Translocations | |  1.0

Action                   |  1- 3 |  4- 6 |  7- 9 | 10-12 || total
-------------------------+-------+-------+-------+-------++-------
Melee: Short sword       |   173 |    54 |       |       ||   227
       Dagger            |     7 |       |       |       ||     7
       Tailslap          |    16 |    14 |    37 |    21 ||    88
       Punch             |     8 |       |     5 |     2 ||    15
       Whip              |       |    53 |    18 |       ||    71
       Spear             |       |       |   201 |       ||   201
       Morningstar       |       |       |   113 |   112 ||   225
 Abil: Rolling Charge    |       |       |       |     2 ||     2
Evoke: Wand              |       |    13 |    14 |    13 ||    40
  Use: Scroll            |       |     3 |     9 |     9 ||    21
       Potion            |       |       |       |     7 ||     7
 Stab: Sleeping          |     1 |       |       |       ||     1
Armor: Robe              |    15 |       |       |       ||    15
       Ring mail         |    58 |       |    91 |    68 ||   217
       Plate armour      |       |    76 |    41 |       ||   117
Dodge: Dodged            |    73 |    12 |    86 |    46 ||   217
Block: Other             |       |       |       |    30 ||    30
